 Dungeon Crawl Stone Soup version 0.22.1-1-ga44c0e56f4 (webtiles) character file.

3752 Divine the Grappler (level 9, -7/93 HPs)
             Began as a Troll Chaos Knight on Oct 8, 2018.
             Mangled by a killer bee (10 damage)
             ... on level 8 of the Dungeon.
             The game lasted 00:20:45 (5550 turns).

Divine the Grappler (Troll Chaos Knight)            Turns: 5550, Time: 00:20:46

Health: -7/93      AC:  7    Str: 25    XL:     9   Next: 93%
Magic:  17/17      EV: 11    Int: 10    God:    Xom [..*...]
Gold:   418        SH:  0    Dex:  9    Spells: 8/8 levels left

rFire    . . .     SeeInvis +     - Unarmed
rCold    . . .     Gourm    +   (no shield)
rNeg     + . .     Faith    .   a - +2 robe
rPois    .         Spirit   .   (helmet restricted)
rElec    .         Reflect  .   (no cloak)
rCorr    .         Harm     .   (gloves unavailable)
MR       +....     Clarity  +   (boots unavailable)
Stlth    ++........             v - amulet of rage
HPRegen  0.65/turn              D - ring of positive energy
MPRegen  0.15/turn              J - ring of magical power

@: lethally poisoned (-7 -> -24)
A: large, unfitting armour, claws 3, horns 1, talons 1, see invisible, clarity,
clever 1, fast metabolism 3, gourmand, magic resistance 1, regeneration 1,
robust 1, screaming 1, shaggy fur 1, tough skin 2, evolution 1
a: Renounce Religion, Evoke Berserk Rage


You were on level 8 of the Dungeon.
You worshipped Xom.
You were a toy of Xom.
You were completely stuffed.

You visited 1 branch of the dungeon, and saw 8 of its levels.

You collected 418 gold pieces.

Inventory:

Armour
 a - a +2 robe (worn)
 l - a +0 buckler
 q - a +2 robe of the Archmagi
Jewellery
 d - an uncursed ring of stealth
 k - an uncursed amulet of inaccuracy
 p - an uncursed ring of protection from cold
 v - an amulet of rage (around neck)
 w - a -3 ring of dexterity
 z - an uncursed amulet of guardian spirit
 A - the ring of Uraipp {Fire Int+2}
   (You found it on level 6 of the Dungeon)

   [ring of fire]

   It enhances your fire magic.
   It affects your intelligence (+2).
   It protects you from fire.
   It makes you vulnerable to cold.
 B - an uncursed amulet of regeneration
 D - a ring of positive energy (left claw)
 F - an uncursed ring of protection from cold
 J - a ring of magical power (right claw)
 K - a cursed ring of attention {unknown}
Wands
 r - a wand of clouds (7)
 t - a wand of iceblast (9)
 x - a wand of random effects (36)
Scrolls
 c - 4 scrolls of teleportation
 g - 3 scrolls of immolation {unknown}
 h - 2 scrolls of enchant weapon {unknown}
 i - 2 scrolls of magic mapping {unknown}
 j - 2 scrolls of blinking {unknown}
 n - 2 scrolls of remove curse
 o - 2 scrolls of fog {unknown}
 y - a scroll of holy word {unknown}
 C - 2 scrolls of fear
 G - a scroll of identify
 I - a scroll of random uselessness {unknown}
Potions
 e - 6 potions of curing
 f - 3 potions of heal wounds
 m - a potion of cancellation
 s - 2 potions of flight {unknown}
 u - 2 potions of brilliance
 E - 2 potions of haste {unknown}
 H - a potion of lignification {unknown}
 L - a potion of mutation {unknown}
 M - a potion of magic {unknown}
Comestibles
 b - 15 rations


   Skills:
 + Level 4.3 Fighting
 + Level 5.2 Dodging
 + Level 3.1 Stealth
 + Level 11.3 Unarmed Combat


You had 8 spell levels left.
You didn't know any spells.
Your spell library was empty.

Dungeon Overview and Level Annotations

Branches:
Dungeon (8/15)             Temple (0/1) D:4
   Lair: D:8-11

Altars:
Fedhas
Makhleb
Ru
Sif Muna
Trog
Wu Jian
Xom
Yredelemnul
The Shining One

Portals:
Ossuary: D:7


Innate Abilities, Weirdness & Mutations

You are too large for most types of armour.
You have claws for hands.
Your metabolism is lightning-fast.
You like to eat raw meat.
Your natural rate of healing is unusually fast.
You are covered in fur. (AC +1)
You have very tough skin. (AC +2)
You have a pair of small horns on your head.
You have sharp toenails.
You have supernaturally acute eyesight. (SInv)
You possess an exceptional clarity of mind.
Your mind is acute. (Int +2)
You are resistant to hostile enchantments. (MR+)
You are robust. (+10% HP)
You occasionally shout uncontrollably at your foes.
You evolve.


Message History

The killer bee poisons you! The orc warrior closely misses you.
Your crimson imp misses the killer bee.
* * * LOW HITPOINT WARNING * * *
You feel sick.
The killer bee completely misses your crimson imp.
The killer bee closely misses your crimson imp.
The orc warrior barely misses you.
* * * LOW HITPOINT WARNING * * *
You feel sick. The killer bee stings your crimson imp.
The killer bee stings you.
* * * LOW HITPOINT WARNING * * *
You are more poisoned.
The killer bee poisons you! The killer bee barely misses you.
Something barely misses your crimson imp.
Your crimson imp misses the killer bee.
* * * LOW HITPOINT WARNING * * *
You feel very sick. The killer bee stings you!
You die...
Xom thinks this is hilarious!

#...... +?.....
#..... #..... #
#....#+#
.#.#..o.#.#
......a.o.#
...#...5#o####.####
........yyy@.......
...#.....y####.####
.. #.###..# . ...
#..# .... .... .#..
...... ## ###...#.
....#.#


You could see an orc warrior, 4 killer bees, 2 orc wizards and a friendly
crimson imp.

Vanquished Creatures
  Pikel (D:4)
  The ghost of PikkenKukken the Thaumaturge, a novice DsNe of Kikubaaqudgha (D:6)
  Sigmund (D:6)
  2 water moccasins
  Duvessa (D:6)
  An ice beast (D:6)
  2 sky beasts
  3 orc warriors (D:6)
  A phantom (D:5)
  2 black bears
  A necrophage (D:4)
  An ogre (D:7)
  3 centaurs
  3 bullfrogs
  Dowan (D:6)
  A wyvern zombie (D:6)
  2 scorpions
  2 howler monkeys
  3 crimson imps
  2 jellies (D:2)
  A hound (D:5)
  5 orc priests
  An orc wizard (D:7)
  3 worker ants
  A killer bee zombie (D:6)
  2 hound skeletons
  8 gnolls
  8 adders
  A shadow imp (D:6)
  3 white imps (D:6)
  2 adder skeletons
  2 adder zombies (D:6)
  3 worms
  4 dart slugs
  An adder simulacrum (D:6)
  2 leopard geckos
  18 orcs
  9 giant cockroaches
  7 goblins
  7 hobgoblins
  3 iguanas
  7 jackals
  2 quokkas
  2 bats
  5 frilled lizards
  A jackal skeleton (D:5)
  4 kobolds
  A leopard gecko skeleton (D:7)
  A quokka skeleton (D:7)
  2 rats (D:2)
  A fungus (D:1)
151 creatures vanquished.

Vanquished Creatures (collateral kills)
  An orc (D:3)
  A giant cockroach (D:5)
  A kobold (D:3)
3 creatures vanquished.

Vanquished Creatures (others)
  A bullfrog (D:4)
  2 worker ants (D:4)
  A giant cockroach (D:4)
4 creatures vanquished.

Grand Total: 158 creatures vanquished

Notes
Turn   | Place    | Note
-------+----------+-------------------------------------------
     0 | D:1      | Divine the Troll Chaos Knight began the quest for the Orb.
     0 | D:1      | Reached XP level 1. HP: 22/22 MP: 0/0
    54 | D:1      | XOM: silly message
   366 | D:1      | XOM: divination: magic mapping
   367 | D:1      | Reached XP level 2. HP: 29/29 MP: 1/1
   624 | D:1      | XOM: medium Fire miscast
   820 | D:2      | XOM: medium Summ miscast
   821 | D:2      | Noticed a spatial vortex
   821 | D:2      | Noticed a spatial vortex
   821 | D:2      | Noticed a spatial vortex
   826 | D:2      | Reached XP level 3. HP: 12/36 MP: 2/2
  1085 | D:2      | Found an ornate altar of the Wu Jian Council.
  1150 | D:2      | Found a basalt altar of Yredelemnul.
  1241 | D:2      | Reached XP level 4. HP: 16/45 MP: 3/3
  1466 | D:2      | Found a shimmering altar of Xom.
  1487 | D:2      | XOM: harmless Chrm miscast
  1488 | D:2      | Reached skill level 4 in Unarmed Combat
  1563 | D:2      | XOM: mild Air miscast
  1685 | D:3      | Reached XP level 5. HP: 53/53 MP: 4/4
  1763 | D:3      | XOM: summons 3 friendly demons
  1830 | D:3      | Found a burning altar of Makhleb.
  1840 | D:3      | XOM: noise
  2217 | D:3      | XOM: give mutations
  2217 | D:3      | Gained mutation: You have supernaturally acute eyesight.
                  | (SInv) [Xom's grace]
  2217 | D:3      | Gained mutation: You are robust. (+10% HP) [Xom's grace]
  2217 | D:3      | Gained mutation: You are resistant to hostile enchantments.
                  | (MR+) [Xom's grace]
  2217 | D:3      | Gained mutation: Your mind is acute. (Int +2) [Xom's grace]
  2311 | D:4      | Noticed a slave
  2311 | D:4      | Noticed a slave
  2316 | D:4      | XOM: divination: detect items
  2318 | D:4      | XOM: enchant monster (good)
  2319 | D:4      | Noticed Pikel
  2319 | D:4      | Noticed a slave
  2319 | D:4      | Noticed a slave
  2332 | D:4      | XOM: cleaving
  2333 | D:4      | XOM: blink monster(s)
  2337 | D:4      | Killed Pikel
  2337 | D:4      | Reached skill level 1 in Stealth
  2337 | D:4      | Reached skill level 6 in Unarmed Combat
  2337 | D:4      | Reached XP level 6. HP: 42/67 MP: 5/5
  2337 | D:4      | Reached XP level 7. HP: 45/73 MP: 6/6
  2346 | D:4      | XOM: polymorph freed slave -> bullfrog
  2442 | D:4      | XOM: potion effect (heal wounds)
  2524 | D:4      | Reached skill level 7 in Unarmed Combat
  2633 | D:4      | Found a staircase to the Ecumenical Temple.
  2955 | D:4      | XOM: silly message
  3146 | D:4      | Found a bloodstained altar of Trog.
  3175 | D:4      | XOM is BORED!
  3175 | D:4      | XOM: harmless Chrm miscast
  3203 | D:5      | Entered Level 5 of the Dungeon
  3270 | D:5      | XOM: 2-stop teleportation journey
  3285 | D:5      | Reached XP level 8. HP: 70/83 MP: 7/7
  3407 | D:5      | Found a deep blue altar of Sif Muna.
  3485 | D:5      | XOM: give mutations
  3485 | D:5      | Gained mutation: You evolve. [Xom's mischief]
  3485 | D:5      | Gained mutation: You occasionally shout uncontrollably at
                  | your foes. [Xom's mischief]
  3506 | D:5      | Reached skill level 8 in Unarmed Combat
  3556 | D:5      | XOM: summons friendly ufetubus
  3783 | D:6      | Noticed Sigmund
  3793 | D:6      | Killed Sigmund
  3830 | D:6      | Found a runed gate.
  3831 | D:6      | Found a runed gate.
  3841 | D:6      | Found a runed gate.
  3864 | D:6      | Reached skill level 9 in Unarmed Combat
  3871 | D:6      | Noticed PikkenKukken's ghost (novice DsNe)
  3938 | D:6      | Noticed Duvessa
  3938 | D:6      | Noticed Dowan
  3946 | D:6      | XOM: enchant monster (good)
  3950 | D:6      | Killed Duvessa
  3963 | D:6      | XOM: swap monsters
  3973 | D:6      | Killed Dowan
  3973 | D:6      | Reached XP level 9. HP: 40/92 MP: 8/8
  3999 | D:6      | XOM: noise
  4298 | D:6      | Reached skill level 10 in Unarmed Combat
  4333 | D:6      | XOM: mild Hex miscast
  4424 | D:6      | Gained mutation: You possess an exceptional clarity of
                  | mind. [evolution]
  4534 | D:6      | XOM: enchant monster (bad)
  4788 | D:6      | Killed PikkenKukken's ghost
  4788 | D:6      | Reached skill level 5 in Dodging
  4814 | D:6      | Got the ring of Uraipp {Fire}
  4952 | D:7      | Found a glowing golden altar of the Shining One.
  5083 | D:7      | XOM is BORED!
  5083 | D:7      | XOM: noise
  5084 | D:7      | Reached skill level 11 in Unarmed Combat
  5261 | D:7      | Found a blossoming altar of Fedhas.
  5321 | D:7      | Found a sacrificial altar of Ru.
  5452 | D:7      | XOM: give mutations
  5452 | D:7      | Gained mutation: You have sharp toenails. [Xom's grace]
  5452 | D:7      | Gained mutation: You have a pair of small horns on your
                  | head. [Xom's grace]
  5511 | D:7      | Found a sand-covered staircase.
  5546 | D:8      | XOM: summons friendly crimson imp
  5550 | D:8      | HP: 3/93 [poisoned by a killer bee]
  5550 | D:8      | Mangled by a killer bee

Skill      XL: |  1  2  3  4  5  6  7  8  9 |
---------------+----------------------------+-----
Dodging        | 2 3 4 5 |  5.2
Fighting       | 3 4 |  4.3
Unarmed Combat | 4 6 7 9 11 | 11.3
Stealth        | 1 2 3 |  3.1

Action                   |  1- 3 |  4- 6 |  7- 9 || total
-------------------------+-------+-------+-------++-------
Melee: Unarmed           |    88 |    68 |   287 ||   443
       Punch             |     2 |     2 |     7 ||    11
Evoke: Wand              |       |       |     1 ||     1
  Use: Scroll            |     3 |     3 |     3 ||     9
       Potion            |       |       |     1 ||     1
 Stab: Sleeping          |     1 |     2 |     4 ||     7
       Confused          |       |       |     1 ||     1
  Eat: Chunk             |    11 |    13 |    32 ||    56
Armor: Robe              |    24 |    17 |    83 ||   124
Dodge: Dodged            |    36 |    33 |   129 ||   198
